 Dungeon Crawl Stone Soup version 0.23.2-33-g5129a83184 (webtiles) character file.

Game seed: 11934276681938404680

167 Gwenloh the Ruffian (level 5, -1/44 HPs)
             Began as a Naga Transmuter on July 19, 2019.
             Killed by divine providence
             ... invoked by an orc priest
              (14 damage)
             ... on level 3 of the Dungeon.
             The game lasted 00:13:27 (3622 turns).

Gwenloh the Ruffian (Naga Transmuter)               Turns: 3622, Time: 00:13:29

Health: -1/44      AC:  2    Str: 13    XL:     5   Next: 48%
Magic:  8/8        EV: 10    Int: 14    God:
Gold:   99         SH:  0    Dex: 11    Spells: 2/8 levels left

rFire    . . .     SeeInvis +     - Unarmed
rCold    . . .     Gourm    .   (no shield)
rNeg     . . .     Faith    .   b - +0 robe
rPois    +         Spirit   .   (no helmet)
rElec    .         Reflect  .   (no cloak)
rCorr    .         Harm     .   (no gloves)
MR       .....                  (no barding)
Stlth    +.........             g - amulet of magic regeneration
HPRegen  0.14/turn              (no ring)
MPRegen  0.36/turn              (no ring)

@: short of breath, very slow
A: large, see invisible, deformed body, poison resistance, slowness 2, slow
metabolism 1, spit poison 1, AC +1
a: Spit Poison


You were on level 3 of the Dungeon.
You were not hungry.

You visited 1 branch of the dungeon, and saw 3 of its levels.

You collected 99 gold pieces.

Inventory:

Missiles
 a - 35 arrows
 c - 106 stones (quivered)
 h - 36 sling bullets
Armour
 b - a +0 robe (worn)
 i - a +0 leather armour
Jewellery
 g - an amulet of magic regeneration (around neck)
Scrolls
 e - 2 scrolls of remove curse {unknown}
 f - 2 scrolls of random uselessness {unknown}
 j - a scroll of blinking {unknown}
 l - 4 scrolls of identify {unknown}
 n - a scroll of fear {unknown}
Potions
 k - a potion of ambrosia
Comestibles
 d - 5 rations
 m - 6 chunks of flesh


   Skills:
 - Level 1.0 Fighting
 + Level 2.3 Dodging
 * Level 4.2 Unarmed Combat
 - Level 2.0 Spellcasting
 * Level 3.7 Transmutations
 + Level 1.4 Poison Magic


You had 2 spell levels left.
You knew the following spells:

 Your Spells              Type           Power        Failure   Level  Hunger
a - Beastly Appendage     Tmut           ##....       4%          1    ##.....
b - Sticks to Snakes      Tmut           ##......     8%          2    ###....
c - Spider Form           Tmut/Pois      #.........   24%         3    ####...

Your spell library contained the following spells:

 Spells                   Type           Power        Failure   Level  Hunger
 Ice Form                 Ice/Tmut       #.......     73%         4    #####..
 Blade Hands              Tmut           ##........   80%         5    ######.


Dungeon Overview and Level Annotations

Branches:
Dungeon (3/15)

Altars:
Xom


Innate Abilities, Weirdness & Mutations

You cannot wear boots.
Your serpentine skin is tough. (AC +1)
You have supernaturally acute eyesight. (SInv)
Armour fits poorly on your strangely shaped body.
Your system is resistant to poisons. (rPois)
You cover ground very slowly.
You have a slow metabolism.
You can spit poison.


Message History

The adder bites you.
Your adder misses the adder.
The orc priest closely misses your adder.
The adder bites you.
You barely miss the adder.
The adder is severely wounded.
Your adder closely misses the adder.
The orc priest hits your adder with a +1 dagger of venom.
Your adder looks as sick as possible!
The adder bites you.
* * * LOW HITPOINT WARNING * * *
Press: ? - help, Shift-Dir - straight line, f - adder
Aim: an adder (severely wounded)
The splash of poison hits the adder.
The adder is almost dead.
You feel slightly more hungry.
Your adder bites the orc priest.
The orc priest is poisoned.
Your adder poisons the orc priest!
The adder closely misses you.
The orc priest mumbles some strange prayers to Beogh against you.
Beogh smites you!
You die...

## .. ##### .# #.... .
##.# #.#####.... >..
##.. #>.........
....##.o# ######.....
.......S### ####.)..
.......@S.#### ##.......
...........÷.###..##....
.......####......###....
.###### #..÷.#>.......
####...#####.. #..## ##.
##... .. #.### .. #.#
#..


You could see an orc priest, an adder and a friendly adder.

Vanquished Creatures
  2 adders (D:2)
  4 gnolls (D:2)
  An ooze (D:1)
  3 worms (D:2)
  A dart slug (D:2)
  A leopard gecko (D:1)
  An orc (D:3)
  2 giant cockroaches
  6 goblins
  7 hobgoblins
  5 jackals (D:2)
  2 bats
  4 frilled lizards
  5 kobolds
  3 rats
47 creatures vanquished.

Vanquished Creatures (collateral kills)
  An orc priest (D:3)
  3 adders
  A dart slug (D:2)
  An orc (D:3)
  A goblin (D:3)
  A bat (D:2)
8 creatures vanquished.

Grand Total: 55 creatures vanquished

Notes
Turn   | Place    | Note
-------+----------+-------------------------------------------
     0 | D:1      | Gwenloh the Naga Transmuter began the quest for the Orb.
     0 | D:1      | Reached XP level 1. HP: 18/18 MP: 3/3
   107 | D:1      | Reached XP level 2. HP: 25/25 MP: 3/5
   111 | D:1      | Learned a level 2 spell: Sticks to Snakes
  1212 | D:2      | HP: 1/25 [adder (3)]
  1213 | D:2      | Reached XP level 3. HP: 1/31 MP: 6/6
  1851 | D:2      | Found a shimmering altar of Xom.
  2015 | D:2      | Reached XP level 4. HP: 31/38 MP: 5/7
  2028 | D:2      | Learned a level 3 spell: Spider Form
  2930 | D:2      | Reached skill level 4 in Unarmed Combat
  3071 | D:2      | Reached skill level 1 in Poison Magic
  3080 | D:2      | Reached XP level 5. HP: 25/44 MP: 8/8
  3622 | D:3      | Killed from afar by an orc priest

Skill      XL: |  1  2  3  4 |
---------------+-------------+-----
Dodging        | 2 |  2.3
Transmutations | 3 |  3.7
Unarmed Combat | 4 |  4.2
Poison Magic   | 1 |  1.4
Fighting       | |  1.0
Spellcasting   | |  2.0

Action                   |  1- 3 |  4- 6 || total
-------------------------+-------+-------++-------
Melee: Unarmed           |    96 |    91 ||   187
       Headbutt          |    10 |     2 ||    12
       Punch             |     3 |     2 ||     5
Throw: Stone             |       |    16 ||    16
 Cast: Beastly Appendage |    24 |    17 ||    41
       Sticks to Snakes  |     4 |     9 ||    13
 Abil: Spit Poison       |     4 |     5 ||     9
  Use: Potion            |     2 |       ||     2
  Eat: Ration            |     1 |       ||     1
       Chunk             |       |     5 ||     5
Armor: Robe              |     9 |    19 ||    28
Dodge: Dodged            |    53 |    62 ||   115
